 Dungeon Crawl Stone Soup version 0.31-a0-986-g5e6e4ef867 (webtiles) character file.

Game seed: 12130732824305384551

53 Hooloovoo the Changeling (level 3, 0/9 HPs)
             Began as a Draconian Shapeshifter on Nov 5, 2023.
             Succumbed to an adder's poison
             ... on level 2 of the Dungeon.
             The game lasted 00:12:52 (1349 turns).

Hooloovoo the Changeling (Draconian Shapeshifter)   Turns: 1349, Time: 00:12:53

Health: 0/9        AC:  5    Str: 18    XL:     3   Next: 64%
Magic:  3/3        EV: 12    Int: 10    God:
Gold:   57         SH:  0    Dex: 10    Spells: 2/2 levels left

rFire   . . .        d - +0 hand axe
rCold   . . .        (no shield)
rNeg    . . .        (body armour unavailable)
rPois   .            (helmet restricted)
rElec   .            (no cloak)
rCorr   .            (no gloves)
SInv    .            (no boots)
Will    .....        (no amulet)
Stlth   +            (no ring)
HPRegen 0.21/turn    (no ring)
MPRegen 0.08/turn

%: no passive effects
@: lethally poisoned (0 -> -2), maw-form
A: devouring maw, reduced hp, AC +5, unfitting armour, cold-blooded
a: Begin Untransformation


You were on level 2 of the Dungeon.
You were a creature with a mouth for a stomach.
You visited 1 branch of the dungeon, and saw 2 of its levels.

You collected 57 gold pieces.

Inventory:

Hand Weapons
 d - a +0 hand axe (weapon)
Missiles
 l - 6 poisoned darts
Talismans
 b - a beast talisman
 c - a flux talisman
 m - a maw talisman (active)
Scrolls
 e - a scroll of revelation {unknown}
 f - 2 scrolls of identify {unknown}
 k - a scroll of teleportation {unknown}
Potions
 a - a potion of lignification
 g - 3 potions of haste {unknown}
 h - a potion of invisibility {unknown}
 i - a potion of heal wounds {unknown}
 j - a potion of attraction {unknown}


   Skills:
 + Level 1.4 Fighting
 + Level 1.8 Axes
 + Level 2.0 Dodging
 + Level 0.1 Stealth
 + Level 3.3 Unarmed Combat
 + Level 3.5 Shapeshifting


You had 2 spell levels left.
You didn't know any spells.
Your spell library was empty.

Dungeon Overview and Level Annotations

Branches:
Dungeon (2/15)

Altars:
Elyvilon

Shops:
D:2 =


Innate Abilities, Weirdness & Mutations

You are a creature with a mouth for a stomach.
Your midsection houses a second, enormous mouth.
Your maximum health is decreased, since you lack skill for your form.
Your plain brown scales are hard. (AC +5)
You cannot fit into any form of body armour.
You are cold-blooded and may be slowed by cold attacks.


Message History

You hit the worm. You bite the worm.
The worm is heavily wounded.
The worm closely misses you.
You slash the worm!
You kill the worm!
You see here a worm corpse.
You see here a +0 hand axe.
Found a fizzy emerald potion.
An endoplasm comes into view.
The endoplasm freezes you.
You are frozen.
You hit the endoplasm but do no damage. You bite the endoplasm.
The endoplasm is heavily wounded.
The endoplasm freezes you.
You are frozen.
You feel yourself slow down.
You completely miss the endoplasm.
The endoplasm is heavily wounded.
The endoplasm closely misses you.
The endoplasm hits you but does no damage.
You hit the endoplasm.
You kill the endoplasm!
You feel yourself speed up.
An adder comes into view.
The adder hisses angrily.
A frilled lizard comes into view.
The adder bites you but does no damage. The adder bites you.
You are lethally poisoned!
The adder poisons you!
You hit the adder but do no damage.
* * * LOW HITPOINT WARNING * * *
You feel sick. The adder misses you.
The frilled lizard hisses angrily.
You hit the adder. You tail-slap the adder. Your bite misses the adder.
The adder is heavily wounded.
* * * LOW HITPOINT WARNING * * *
You feel sick. The adder barely misses you.
The adder bites you but does no damage.
You miss the adder.
The adder is heavily wounded.
You die...

### .. ##### #. ##...#
#.####.############.....
#..l.......##...........
#.SW......#####.....
#..#.....## ##...#
#..##...## ##.## ....
#..## ##.## ..... #..#
##.... ..##### #!.#
#..... . ...# ##....
##... ##.#. .... ####.


You could see an adder and a frilled lizard.

Vanquished Creatures
  A worm (D:2)
  2 dart slugs
  4 bats
  6 endoplasms
  2 giant cockroaches
  8 hobgoblins
  3 jackals (D:1)
  3 kobolds
  A quokka (D:2)
  3 ball pythons
  5 frilled lizards
  2 goblins
  A rat (D:1)
41 creatures vanquished.

Notes
Turn   | Place    | Note
-------+----------+-------------------------------------------
     0 | D:1      | Hooloovoo the Draconian Shapeshifter began the quest for
                  | the Orb.
     0 | D:1      | Reached XP level 1. HP: 16/16 MP: 1/1
   103 | D:1      | Reached XP level 2. HP: 21/23 MP: 2/2
   463 | D:1      | Reached skill level 1 in Axes
   751 | D:1      | Reached XP level 3. HP: 28/28 MP: 3/3
  1007 | D:2      | Found a white marble altar of Elyvilon.
  1046 | D:2      | Found Udwoijauhy's Jewellery Boutique.
  1349 | D:2      | Succumbed to an adder's poison

Illustrated notes

Levels and vault maps discovered:
D:1:      dpeg_arrival_stone_temple_mockup, layout_basic
D:2:      layout_loops_corners, basic_altar, serial_shops, nicolae_square_shop,
          uniq_crazy_yiuf_cottage

Skill      XL: |  1  2  3 |
---------------+----------+-----
Axes           | 1 |  1.8
Dodging        | 2 |  2.0
Fighting       | |  1.4
Stealth        | |  0.1
Unarmed Combat | |  3.3
Shapeshifting  | |  3.5

Action                     || total
---------------------------++-------
  Melee: Hand axe          ||   101
         Tailslap          ||    13
         Punch             ||     1
         Maw               ||     2
   Stab: Sleeping          ||     2
 Armour: Skin              ||    51
  Dodge: Dodged            ||    72
   Form: Beast             ||     1
         Maw               ||     1

Table legend: (Time is in decaauts)
 A = Elapsed time spent in this place.
 B = Non-inter-level travel time spent in this place.
 C = Inter-level travel time spent in this place.
 D = Time resting spent in this place.
 E = Time spent auto-exploring this place.
 F = Levels seen in this place.
 G = Mean time per level.
                   A        B        C        D        E       F      G
               +--------+--------+--------+--------+--------+-----+--------+
         Total |   1374 |    291 |   1083 |      0 |      0 |   2 |  687.0 |
       Dungeon |   1374 |    291 |   1083 |      0 |      0 |   2 |  687.0 |
               +--------+--------+--------+--------+--------+-----+--------+

Top non-repeatable levels by time:
     D:1: 821 daAuts
     D:2: 552 daAuts
